 Dungeon Crawl Stone Soup version 0.16-a0-4013-gd591273 (webtiles) character file.

1254152 abixa the Slayer (level 27, -4/319 (321) HPs)
             Began as an Ogre Hunter on Feb 13, 2015.
             Was the Champion of Okawaru.
             Slain by an ettin skeleton (11 damage)
             ... animated by the effects of Hell
             ... on level 7 of Tartarus on Feb 16, 2015.
             The game lasted 17:35:12 (136766 turns).

abixa the Slayer (Ogre Hunter)                    Turns: 136766, Time: 17:35:12

HP:   -4/319 (321)  AC: 42    Str: 34      XL:     27
MP:   32/35         EV: 14    Int: 13      God:    Okawaru [******]
Gold: 15780         SH:  0    Dex: 13 (19) Spells: 16 memorised, 8 levels left

rFire  + . .     SeeInvis +     i - +4 giant spiked club "She Goni" {freeze, rN+ Dex+2 SInv}
rCold  + + .     Clarity  .     R - +12 gold dragon armour
rNeg   + + +     SustAb   +     (shield restricted)
rPois  +         Gourm    .     V - +2 hat {Int+3}
rElec  .         Spirit   .     N - +0 cloak of the Beekeeper {rPois- rC+ Slay+4}
rCorr  .         Warding  +     (gloves unavailable)
rMut   .         Stasis   .     (boots unavailable)
MR     ++...                    g - amulet "Khauxidiy" {Ward rPois+ rN+ MP-9 Dex+5}
Stlth  ..........               B - ring "Utexuwat" {SustAb MR+ Dex+2 Stlth+}
                                S - ring of Hufiuteth {Wiz rN+ MR- Stlth+}

@: flayed, very slightly contaminated, very resistant to hostile enchantments,
extremely unstealthy
A: unfitting armour, tough skin 1
a: Heroism, Finesse, Renounce Religion
}: 12/15 runes: decaying, slimy, silver, icy, bone, abyssal, demonic, glowing,
magical, fiery, dark, gossamer


You were on level 7 of Tartarus.
You worshipped Okawaru.
Okawaru was exalted by your worship.
You were not hungry.

You visited 15 branches of the dungeon, and saw 80 of its levels.
You visited Pandemonium 5 times, and saw 24 of its levels.
You visited the Abyss 4 times.
You visited 1 bazaar.
You visited 1 ziggurat, and saw 11 of its levels.
You also visited: Labyrinth, Sewer, Ice Cave, Volcano and Wizlab.

You collected 17570 gold pieces.
You spent 1790 gold pieces at shops.

Inventory:

Hand weapons
 b - the +2 giant spiked club "Murmur" {flame, rF- Str+5 Int+7 Stlth+}
   (Okawaru gifted it to you on level 7 of Tartarus)

   It has been specially enchanted to burn those struck by it, causing extra
   injury to most foes and up to half again as much damage against particularly
   susceptible opponents.
   It affects your strength (+5).
   It affects your intelligence (+7).
   It makes you vulnerable to fire.
   It makes you more stealthy.
 i - the +4 giant spiked club "She Goni" (weapon) {freeze, rN+ Dex+2 SInv}
   (Okawaru gifted it to you in Pandemonium)

   It has been specially enchanted to freeze those struck by it, causing extra
   injury to most foes and up to half again as much damage against particularly
   susceptible opponents.
   It can also slow down cold-blooded creatures.
   It affects your dexterity (+2).
   It protects you from negative energy.
   It enhances your eyesight.
 n - the +8 giant club "Facost" {flame, rF- Dex+7}
   (Okawaru gifted it to you on level 5 of the Depths)

   It has been specially enchanted to burn those struck by it, causing extra
   injury to most foes and up to half again as much damage against particularly
   susceptible opponents.
   It affects your dexterity (+7).
   It makes you vulnerable to fire.
 x - the +6 giant club "Ygrurchar" {crush, rN+ Str-5 SInv Stlth+}
   (Okawaru gifted it to you on level 7 of Tartarus)

   It inflicts extra damage upon your enemies.
   It affects your strength (-5).
   It protects you from negative energy.
   It enhances your eyesight.
   It makes you more stealthy.
 F - the +5 giant club of Extremism {crush, rF+ Int+5 Stlth+}
   (Okawaru gifted it to you on level 7 of Cocytus)

   It inflicts extra damage upon your enemies.
   It affects your intelligence (+5).
   It protects you from fire.
   It makes you more stealthy.
Missiles
 z - 68 large rocks (quivered)
 Q - 29 javelins of penetration
 U - 5 javelins of returning
Armour
 q - a +2 hat of magic resistance
 N - the +0 cloak of the Beekeeper (worn) {rPois- rC+ Slay+4}
   (Okawaru gifted it to you on level 5 of the Vaults)

   It affects your accuracy and damage with ranged weapons and melee attacks
   (+4).
   It protects you from cold.
   It makes you vulnerable to poison.
 R - a +12 gold dragon armour (worn)
 V - a +2 hat of intelligence (worn)
Jewellery
 d - an uncursed amulet of resist mutation
 f - the ring "Mohatom" {rPois+ rF+ Int-3 Dex+2}
   (You bought it in a shop in a bazaar)

   [ring of protection from fire]

   It affects your intelligence (-3).
   It affects your dexterity (+2).
   It protects you from fire.
   It protects you from poison.
 g - the amulet "Khauxidiy" (around neck) {Ward rPois+ rN+ MP-9 Dex+5}
   (You found it on level 8 of a ziggurat)

   [amulet of warding]

   It may prevent the melee attacks of summoned creatures.
   It affects your dexterity (+5).
   It protects you from poison.
   It protects you from negative energy.
   It affects your magic capacity (-9).
 p - a +3 ring of intelligence
 r - the amulet of Izivaivo {rCorr rN+}
   (You found it on level 1 of the Spider Nest)

   [amulet of resist corrosion]

   It protects you from acid and corrosion.
   It protects you from negative energy.
 B - the ring "Utexuwat" (right hand) {SustAb MR+ Dex+2 Stlth+}
   (You took it off an efreet in Pandemonium)

   [ring of sustain abilities]

   It sustains your strength, intelligence and dexterity.
   It affects your dexterity (+2).
   It affects your resistance to hostile enchantments.
   It makes you more stealthy.
 G - the ring of Shraeklucki {+Blink +Fly Str+4 Int+2 Dex+2 Stlth-}
   (You found it on level 8 of a ziggurat)

   [ring of intelligence]

   It affects your strength (+4).
   It affects your intelligence (+2).
   It affects your dexterity (+2).
   It lets you fly.
   It lets you blink.
   It makes you less stealthy.
 J - the ring of Guwnyep {+Inv rPois+ MR+ Int+4 Dex-2 Stlth+}
   (You took it off a balrug in Pandemonium)

   [ring of stealth]

   It affects your intelligence (+4).
   It affects your dexterity (-2).
   It protects you from poison.
   It affects your resistance to hostile enchantments.
   It lets you turn invisible.
   It makes you more stealthy.
 P - the amulet of the Four Winds {Clar rN+ MR+++}
   (You bought it in a shop on level 1 of the Orcish Mines)

   [amulet of clarity]

   It provides mental clarity.
   It protects you from negative energy.
   It affects your resistance to hostile enchantments.
 S - the ring of Hufiuteth (left hand) {Wiz rN+ MR- Stlth+}
   (You found it in Pandemonium)

   [ring of wizardry]

   It improves your spell success rate.
   It protects you from negative energy.
   It affects your resistance to hostile enchantments.
   It makes you more stealthy.
 W - the ring "Coiti" {rElec rC+ Dex-3 SInv}
   (You bought it in a shop on level 1 of the Orcish Mines)

   [ring of protection from cold]

   It affects your dexterity (-3).
   It protects you from cold.
   It insulates you from electricity.
   It enhances your eyesight.
Magical devices
 a - a wand of hasting (4)
 m - a wand of heal wounds (5)
 E - a wand of teleportation (6)
 I - a wand of digging (3)
Scrolls
 c - 9 scrolls of fog
 e - 4 scrolls of identify
 h - 6 scrolls of silence
 v - 2 scrolls of holy word
 w - 18 scrolls of recharging
 D - 11 scrolls of magic mapping
 H - 13 scrolls of blinking
 K - 34 scrolls of teleportation
 T - 48 scrolls of remove curse
 Z - 7 scrolls of summoning
Potions
 j - 4 potions of haste
 k - 3 potions of cure mutation
 l - 37 potions of curing
 o - 16 potions of might
 s - 10 potions of berserk rage
 t - 19 potions of heal wounds
 L - 10 potions of resistance
 M - 16 potions of agility
 O - 5 potions of magic
 Y - 22 potions of restore abilities
Comestibles
 u - 32 meat rations


   Skills:
 - Level 26.7 Fighting
 - Level 25.3 Maces & Flails
 - Level 26.4 Throwing
 - Level 24.6 Armour
 - Level 19.9 Dodging
 - Level 0.7 Stealth
 - Level 16.0 Spellcasting
 - Level 17.1 Hexes
 - Level 19.5 Charms
 - Level 9.2 Summonings
 - Level 12.0 Necromancy
 + Level 13.3 Translocations
 - Level 13.4 Air Magic
 - Level 8.7 Invocations


You had 8 spell levels left.
You knew the following spells:

 Your Spells              Type           Power        Failure   Level  Hunger
a - Summon Butterflies    Summ           ####....     1%          1    None
b - Blink                 Tloc           N/A          1%          2    None
c - Repel Missiles        Chrm/Air       ######       1%          2    None
d - Abjuration            Summ           ####......   1%          3    None
e - Regeneration          Chrm/Necr      ######....   1%          3    None
f - Apportation           Tloc           #####.....   1%          1    None
g - Spectral Weapon       Hex/Chrm       ######..     1%          3    None
h - Swiftness             Chrm/Air       ######..     1%          2    None
i - Portal Projectile     Tloc           #####.       1%          3    None
j - Flight                Chrm/Air       ######....   1%          3    None
k - Passage of Golubria   Tloc           N/A          1%          4    ##.....
l - Silence               Hex/Air        ######....   1%          5    ####...
m - Haste                 Chrm           ######..     1%          6    ######.
n - Song of Slaying       Chrm           ######..     0%          2    None
o - Deflect Missiles      Chrm/Air       ######....   4%          6    ######.
p - Control Teleport      Chrm/Tloc      ######....   1%          4    ##.....


Dungeon Overview and Level Annotations

Branches:
Dungeon (15/15)            Temple (1/1) D:6            Lair (8/8) D:8
  Swamp (5/5) Lair:5       Spider (5/5) Lair:4        Slime (6/6) Lair:8
    Orc (4/4) D:9             Elf (3/3) Orc:3        Vaults (5/5) D:14
  Crypt (3/3) Vaults:3       Tomb (0/3) Crypt:3      Depths (5/5) D:15
   Hell (1/1)                 Dis (0/7) Hell            Geh (0/7) Hell
    Coc (7/7) Hell            Tar (7/7) Hell            Zot (5/5) Depths:5

Altars:
Ashenzari
Cheibriados
Dithmenos
Elyvilon
Fedhas
Gozag
Kikubaaqudgha
Makhleb
Nemelex Xobeh
Okawaru
Qazlal
Ru
Sif Muna
Trog
Vehumet
Xom
Yredelemnul
Zin
The Shining One
Beogh
Jiyva

Shops:
D:5 (   D:13 [   Orc:1 =   Orc:3 !   Orc:4 ([(*=   Elf:1 *   Elf:3 [

Portals:
Hell: Depths:1 Depths:2 Depths:3 Depths:4 Depths:5
Abyss: Depths:4
Pandemonium: Depths:3
Ziggurat: Depths:5

Annotations:
D:14 some stuff


Innate Abilities, Weirdness & Mutations

You are too large for most types of armour.
You have tough skin (AC +1).


Message History

The flayed ghost hits you but does no damage.
Things that are here:
a hell hound corpse x2
You miss the flayed ghost. The hell hound closely misses you.
The hell hound misses you. The ettin skeleton hits you!!
* * * LOW HITPOINT WARNING * * *
The ettin skeleton hits you.
* * * LOW HITPOINT WARNING * * *
The flayed ghost closely misses you.
You impale the flayed ghost!! You freeze the flayed ghost.
The flayed ghost is moderately damaged.
The hell hound bites you but does no damage.
The hell hound bites you.
* * * LOW HITPOINT WARNING * * *
You miss the flayed ghost.
The flayed ghost is moderately damaged.
The hell hound barely misses you. The hell hound misses you.
The flayed ghost cries, "Feel what I felt!"
The ettin skeleton hits you!
You die...

***********************************
,,,,,,,,,,,,,,,,,,,,,,,,,,,,,,,,,,,
,,,,,,,,,,,,,,,,,,,,,,,,,,,,,,,,,,,
,,####,,,,,,,,,,###,,,,,,,,...,,,,,
###..####,,,,,###.###*,,.........,,
........#######.....#*,...........,
.................⌠..##.............
....................##...........##
''###†..........W@h.##..........##.
....###.......###hZ###.........##..
......###.....# #W.###.........#...
.......##....##*#..##.........##...
.....8.###.###..#..#..........#....
.......#####...........)).....#....
........# *..............))...##...
.....8..# *..#.........#)......#...
!.......#**....................##..


You could see 2 flayed ghosts, 2 hell hounds and an ettin skeleton.

Vanquished Creatures
  Antaeus (Coc:7)
  Cerebov (Pan)
  the royal jelly (Slime:6)
  Dissolution (Slime:1)
  Ereshkigal (Tar:7)
  Gloorx Vloq (Pan)
  Ignacio (Pan)
  A seraph (Pan)
  Mnoleg (Pan)
  Lom Lobon (Pan)
  9 orbs of fire
  11 pandemonium lords (Pan)
  8 ancient liches
  10 shard shrikes (Coc:7)
  Sojobo (Depths:1)
  the Lernaean hydra (Swamp:5)
  Norris (Depths:1)
  10 Killer Klowns
  2 curse toes (Zot:4)
  Mara (Spider:3)
  Geryon (Hell)
  18 golden dragons
  A profane servitor (Abyss:1)
  Xtahua (Vaults:5)
  The ghost of Vidiiot the Executioner, a mighty MiBe of Makhleb (Zig:4)
  Frederick (Depths:3)
  the Enchantress (Depths:3)
  5 bone dragons
  2 pearl dragons (Pan)
  7 Brimstone Fiends (Pan)
  Nikola (Vaults:1)
  A Hellbinder (WizLab)
  7 electric golems
  16 tentacled monstrosities
  12 liches
  19 Hell Sentinels (Pan)
  25 Orb Guardians (Zot:5)
  2 deep elf master archers (Elf:3)
  16 acid blobs
  A quicksilver dragon (shapeshifter) (Vaults:3)
  17 Ice Fiends
  A quicksilver dragon (Depths:4)
  16 tentacled starspawn
  2 deep elf blademasters (Elf:3)
  8 titans
  4 sphinxes
  15 Shadow Fiends
  115 large abominations
  An octopode crusher (Depths:1)
  Agnes (Vaults:4)
  13 warmongers (Pan)
  27 Executioners
  4 thorn hunters
  25 storm dragons
  Kirke (Elf:1)
  3 ancient champions
  Frances (Swamp:1)
  9 tengu reavers
  6 draconian monks
  Roxanne (Spider:5)
  17 shadow dragons
  3 revenants
  26 daevas
  A fire giant (shapeshifter) (Abyss:3)
  17 frost giants
  3 iron dragons
  8 chaos champions (Pan)
  12 azure jellies
  2 orc warlords
  A draconian scorcher (Zot:3)
  28 cacodemons
  11 deep elf sorcerers
  10 fire giants
  Aizul (Vaults:3)
  16 emperor scorpions
  30 balrugs
  3 draconian zealots
  6 draconian knights
  4 curse skulls
  3 caustic shrike zombies (Zig:10)
  23 ironheart preservers
  17 vault wardens
  Gastronok (Lair:1)
  7 ghost moths
  34 angels
  44 reapers
  27 very ugly things
  12 ghouls
  6 draconian shifters
  17 stone giants
  5 draconian annihilators
  8 vampire knights
  5 draconian callers
  14 spriggan defenders
  9 grey draconians
  3 elemental wellsprings
  7 war gargoyles
  5 deep elf demonologists
  37 apis (Pan)
  2 blood saints (Pan)
  16 ophanim (Pan)
  12 lorocyprocas
  A corrupter (Pan)
  4 green draconians
  18 deep elf annihilators
  3 black draconians
  A purple draconian (Zot:4)
  4 salamander firebrands (Hell)
  6 red draconians
  10 black suns (Pan)
  4 mottled draconians
  8 dire elephants
  5 yellow draconians
  An unborn (Crypt:2)
  A pale draconian (Zot:1)
  13 ettins
  6 white draconians
  58 blizzard demons
  Snorg (Orc:2)
  2 quicksilver dragon zombies (Coc:7)
  A crystal guardian (Vaults:4)
  35 vault guards
  18 fire dragons
  7 jiangshi
  7 death oozes
  3 eidola
  5 minotaurs
  8 deep elf high priests
  11 deep elf death magi
  Josephine (D:11)
  27 green deaths
  A merfolk impaler (Depths:3)
  12 great orbs of eyes
  A kraken zombie (Coc:4)
  4 rakshasas
  29 hydras
  Fannar (D:15)
  26 yaktaur captains
  Harold (Lair:5)
  13 death cobs
  A ghost crab (Swamp:4)
  2 quicksilver dragon skeletons
  2 naga warriors (Abyss:3)
  26 monstrous demonspawn (Pan)
  11 deep troll earth magi
  10 hell beasts
  14 spriggan air magi
  An anaconda (Lair:8)
  8 statues (Depths:3)
  6 alligators
  31 ice dragons
  10 centaur warriors
  18 dancing weapons (Elf:2)
  14 ogre magi
  2 orc high priests
  4 death knights
  49 death yaks
  6 tengu warriors
  8 deep troll shamans
  3 storm dragon zombies
  9 vampire magi
  A shock serpent (Zig:11)
  24 thrashing horrors
  4 titan zombies
  5 hell hogs
  13 spriggan berserkers
  An iron golem (Hell)
  Nergalle (Lair:1)
  32 deep trolls
  19 shadow wraiths
  79 skeletal warriors
  3 fire crabs
  38 soul eaters
  35 sun demons
  25 wretched stars
  4 titan skeletons
  An unseen horror (shapeshifter) (Abyss:3)
  28 deep elf knights
  A salamander mystic (Depths:3)
  A shock serpent (shapeshifter) (Vaults:3)
  5 spatial maelstroms
  3 storm dragon skeletons
  11 hell knights
  2 death drakes
  26 gelid demonspawn (Pan)
  7 anaconda zombies
  A quicksilver dragon simulacrum (Coc:7)
  A deep troll (shapeshifter) (Vaults:2)
  25 cherubim (Pan)
  10 deep elf summoners
  7 iron trolls
  10 flayed ghosts
  5 unseen horrors
  A golden dragon zombie (Zig:10)
  45 ice devils
  5 giant orange brains
  13 shadow demons
  12 swamp dragons
  A shambling mangrove (Zig:9)
  An ice statue (Pan)
  A spriggan druid (Zig:9)
  An obsidian statue (Zot:5)
  14 infernal demonspawn (Pan)
  13 wizards
  3 golden dragon skeletons
  22 putrid demonspawn (Pan)
  A shadow dragon zombie (Vaults:4)
  8 necromancers
  22 deep elf conjurers
  25 orc knights
  27 phantasmal warriors
  9 orc sorcerers
  30 wolf spiders
  An anubis guard (shapeshifter) (D:13)
  A sphinx zombie (Zig:10)
  8 hill giants
  21 torturous demonspawn (Pan)
  3 anaconda skeletons
  A wolf spider zombie (Tar:7)
  3 frost giant zombies
  5 fire giant zombies
  4 harpies (Vaults:2)
  22 ironbrand convokers
  7 shadow dragon skeletons
  5 hornets
  4 iron dragon zombies
  7 griffons
  13 oklob plants
  9 worldbinders (Abyss:3)
  17 moths of wrath
  A deathcap (Zot:4)
  A draconian (shapeshifter) (Zig:6)
  7 stone giant zombies
  5 salamanders
  5 shining eyes
  54 sixfirhies
  6 manticores
  20 orb spiders
  A guardian serpent (shapeshifter) (Depths:4)
  3 iron dragon skeletons
  A titan simulacrum (Coc:7)
  10 cyclopes
  27 elephants
  3 frost giant skeletons
  16 vault sentinels
  2 human skeletons
  4 fire giant skeletons
  Maurice (D:9)
  67 ugly things
  4 black mambas
  2 dire elephant zombies
  60 small abominations
  7 torpor snails
  An octopode (shapeshifter) (Abyss:3)
  4 eyes of devastation
  90 smoke demons
  6 stone giant skeletons
  5 apocalypse crabs (Abyss:3)
  5 guardian serpents (Abyss:3)
  17 spiny frogs
  A shock serpent zombie (Hell)
  A torpor snail (shapeshifter) (Abyss:3)
  3 kobold demonologists
  5 naga magi (Abyss:3)
  An orange crystal statue (Elf:1)
  9 rust devils
  An alligator snapping turtle zombie (Crypt:2)
  2 eyes of devastation (shapeshifter)
  5 gargoyles
  89 yaktaurs
  2 yaktaur zombies
  A grey draconian zombie (Coc:5)
  27 hellions
  Psyche (D:10)
  6 efreet (Pan)
  2 emperor scorpion zombies
  A yellow draconian zombie (Crypt:2)
  2 dire elephant skeletons
  A black mamba (shapeshifter) (Abyss:3)
  5 storm dragon simulacra
  4 anaconda simulacra (Coc:7)
  A yaktaur (shapeshifter) (Elf:1)
  5 spectral swamp worms (Depths:2)
  8 fire drakes
  2 elf zombies
  67 orange demons
  13 komodo dragons
  17 tormentors
  29 demonic crawlers
  3 tengu conjurers
  A guardian mummy (Volcano)
  22 ancient zymes
  A shadow dragon simulacrum (Coc:7)
  25 deep elf priests
  42 hellwings
  A two-headed ogre (shapeshifter) (Elf:1)
  A pale draconian skeleton (Crypt:3)
  61 blue devils
  9 trolls
  A polar bear (shapeshifter) (Vaults:1)
  2 merfolk (shapeshifter)
  32 freezing wraiths
  14 hydra zombies
  2 fire vortices
  10 polar bears
  19 jumping spiders
  42 red devils
  A wind drake (shapeshifter) (Abyss:3)
  A catoblepas zombie (Tar:7)
  7 wandering mushrooms
  Prince Ribbit (D:9)
  17 ravens
  15 bog bodies
  4 silent spectres
  18 boulder beetles
  8 hydra skeletons
  A blink frog (shapeshifter) (Abyss:3)
  2 human simulacra
  A raven (shapeshifter) (Abyss:3)
  A basilisk (shapeshifter) (Abyss:3)
  79 slime creatures
  A harpy skeleton (Tar:7)
  13 blink frogs
  5 ettin zombies
  3 alligator zombies
  22 two-headed ogres
  32 trapdoor spiders
  29 tarantellas
  12 spriggans
  87 starcursed masses
  2 wyverns
  4 ettin skeletons
  4 alligator skeletons
  2 spriggans (shapeshifter)
  17 vampires
  56 yaks
  3 ice dragon skeletons
  60 raiju
  A fire giant simulacrum (Vaults:2)
  52 flying skulls
  44 redbacks
  2 fire bats (shapeshifter)
  2 fire dragon skeletons
  44 shadows
  10 basilisks
  36 deep elf magi
  2 fire elementals (Hell)
  2 steam dragons
  9 water elementals
  66 ynoxinuls
  A black mamba skeleton (Tar:5)
  11 air elementals
  4 hogs (Elf:1)
  11 hungry ghosts
  2 humans
  A steam dragon (shapeshifter) (Abyss:3)
  A centaur simulacrum (D:15)
  5 fire bats (Abyss:3)
  27 chaos spawn
  22 wraiths
  A wolf (shapeshifter) (Abyss:3)
  5 mottled dragons
  A hog (shapeshifter) (Vaults:5)
  28 vampire mosquitoes
  A spatial vortex (Abyss:3)
  7 hippogriffs
  64 neqoxecs
  47 deep elf fighters
  8 golden eyes
  A hill giant skeleton (Volcano)
  19 insubstantial wisps
  A mottled dragon (shapeshifter) (Abyss:3)
  32 swamp worms
  Edmund (D:9)
  24 water moccasins
  A soldier ant (D:11)
  51 wolves
  A soldier ant (shapeshifter) (Vaults:2)
  An emperor scorpion simulacrum (Crypt:1)
  A warg (shapeshifter) (Abyss:3)
  A wind drake skeleton (Crypt:1)
  A merfolk zombie (Coc:7)
  9 porcupines
  5 nagas (Abyss:3)
  5 spiny frog zombies
  A porcupine (shapeshifter) (Vaults:5)
  A trapdoor spider simulacrum (D:14)
  A water moccasin (shapeshifter) (Abyss:3)
  A swamp drake (shapeshifter) (Abyss:3)
  11 hell hounds
  6 hydra simulacra
  A merfolk skeleton (Volcano)
  4 wargs
  A faun skeleton (Crypt:2)
  13 swamp drakes
  13 wasps
  An ettin simulacrum (Vaults:3)
  76 orc warriors
  An eye of draining (shapeshifter) (Depths:2)
  5 sky beasts
  A sky beast (shapeshifter) (Abyss:3)
  21 ice beasts
  5 spiny frog skeletons
  2 ice beasts (shapeshifter)
  A manticore zombie (Coc:2)
  2 snapping turtle zombies
  An alligator simulacrum (Coc:7)
  9 necrophages
  7 eyes of draining
  53 ogres
  2 snapping turtle skeletons (Coc:7)
  9 boggarts
  27 spiders
  A blink frog zombie (Crypt:1)
  4 phantoms
  2 elf skeletons
  2 big kobolds
  26 centaurs
  18 crocodiles
  4 brain worms
  4 human zombies
  5 boring beetles
  A brain worm (shapeshifter) (Depths:1)
  A big kobold (shapeshifter) (D:15)
  A fire drake skeleton (Crypt:2)
  2 glowing shapeshifter simulacra
  A vine stalker skeleton (Crypt:2)
  32 giant frogs
  2 gnoll sergeants
  A wyvern skeleton (Crypt:2)
  A scorpion (shapeshifter) (Abyss:3)
  8 scorpions
  A killer bee (shapeshifter) (Abyss:3)
  8 electric eels
  2 oklob saplings (D:8)
  3 troll zombies (Swamp:1)
  17 killer bees
  A spriggan zombie (Crypt:2)
  3 troll skeletons
  A spriggan skeleton (Volcano)
  43 wights
  6 crimson imps
  2 vampire bats (D:7)
  7 quasits
  2 giant frog zombies
  A goliath beetle (D:9)
  26 jellies
  A demonspawn zombie (Crypt:1)
  9 centaur skeletons
  2 gnoll shamans
  2 centaur zombies
  21 hounds
  A jelly (shapeshifter) (Abyss:3)
  A basilisk skeleton (Crypt:2)
  4 iron imps
  44 orc priests
  3 two-headed ogre skeletons
  2 giant frog skeletons
  51 orc wizards
  12 iguanas
  12 worker ants
  3 hell rats (Lair:4)
  A lightning spire (Zig:6)
  19 sheep
  A killer bee zombie (D:9)
  3 ogre skeletons
  A big kobold skeleton (Crypt:2)
  3 hound zombies
  3 naga skeletons (Volcano)
  A hound skeleton (D:7)
  6 mummies
  3 worker ant zombies
  Robin (D:3)
  35 adders
  21 gnolls
  A gnoll (shapeshifter) (Abyss:3)
  4 orc skeletons
  85 river rats
  9 shadow imps
  6 giant mites
  4 giant eyeballs (Pan)
  15 white imps
  7 worms
  58 ufetubi
  A worm (shapeshifter) (Abyss:3)
  5 adder skeletons
  A giant gecko (shapeshifter) (Abyss:3)
  8 oozes
  194 orcs
  3 bat skeletons (D:7)
  2 bat zombies
  5 giant cockroaches
  A gnoll zombie (Crypt:1)
  A goblin (shapeshifter) (Abyss:3)
  34 goblins
  A hobgoblin (shapeshifter) (Abyss:3)
  21 hobgoblins
  24 jackals
  27 kobolds
  4 ball pythons
  A ball python skeleton (D:4)
  A bat (shapeshifter) (Abyss:3)
  19 bats
  7 giant geckos
  A giant gecko skeleton (D:4)
  7 giant newts
  A giant spore (D:9)
  A hobgoblin zombie (Crypt:1)
  A jackal zombie (D:5)
  A kobold skeleton (Crypt:3)
  A lurking horror (Abyss:3)
  8 orc zombies (Orc:4)
  15 quokkas
  A rat (shapeshifter) (Abyss:3)
  31 rats
  16 ballistomycetes
  3 crawling corpses
  5 fungi
  7 grand avatars (Pan)
  6 plants
  10 starspawn tentacles
6048 creatures vanquished.

Vanquished Creatures (others)
  4 eldritch tentacles
  A tengu reaver (Depths:4)
  7 spectral weapons
  A blood saint (Pan)
  2 spriggan defenders (Depths:4)
  A rakshasa (Abyss:3)
  2 spriggan air magi (Depths:4)
  2 ball lightnings (Pan)
  An orc knight (Vaults:4)
  A hydra zombie (Coc:7)
  3 tormentors
  7 fire vortices
  A polar bear (IceCv)
  3 small abominations (Abyss:3)
  A flying skull (Tar:7)
  A shadow (Tar:3)
  A golden eye (Pan)
  A neqoxec (Pan)
  A naga (Abyss:3)
  9 lost souls
  An ogre (Vaults:5)
  A brain worm (Abyss:3)
  A crimson imp (Abyss:3)
  An orc wizard (Orc:4)
  An ufetubus (Abyss:3)
  An orc (Vaults:1)
  A giant spore (D:8)
  2 lurking horrors (Abyss:3)
  2 ballistomycetes (Abyss:3)
  A briar patch (Swamp:5)
  17 butterflies
  A crawling corpse (Vaults:5)
  394 eldritch tentacle segments
  17 fungi
  17 plants
  27 starspawn tentacles
  481 starspawn tentacle segments
  4 tentacles (Coc:4)
1020 creatures vanquished.

Grand Total: 7068 creatures vanquished

Notes
Turn   | Place    | Note
--------------------------------------------------------------
     0 | D:1      | abixa, the Ogre Hunter, began the quest for the Orb.
     0 | D:1      | Reached XP level 1. HP: 22/22 MP: 1/1
   303 | D:1      | Reached XP level 2. HP: 29/29 MP: 2/2
   533 | D:1      | Reached skill level 1 in Maces & Flails
   743 | D:1      | Reached XP level 3. HP: 32/37 MP: 3/3
  1642 | D:2      | Found a glowing golden altar of the Shining One.
  1652 | D:2      | Found a bloodstained altar of Trog.
  1711 | D:2      | Reached XP level 4. HP: 38/45 MP: 4/4
  1745 | D:2      | Found a glowing silver altar of Zin.
  1857 | D:2      | Found a stormy altar of Qazlal.
  2104 | D:2      | Found a shimmering altar of Xom.
  2362 | D:3      | Found a shimmering altar of Xom.
  2420 | D:3      | Found a blossoming altar of Fedhas.
  2421 | D:3      | Found an opulent altar of Gozag.
  2423 | D:3      | Found an iron altar of Okawaru.
  2427 | D:3      | Became a worshipper of Warmaster Okawaru
  2482 | D:3      | Found a glowing drain.
  2495 | D:3      | Reached XP level 5. HP: 48/53 MP: 5/5
  2533 | D:3      | Reached skill level 5 in Maces & Flails
  3174 | D:3      | Noticed Robin
  3211 | D:3      | Killed Robin
  3652 | D:4      | Reached skill level 5 in Throwing
  3691 | D:4      | Reached XP level 6. HP: 57/62 MP: 6/6
  3701 | D:4      | Reached skill level 1 in Invocations
  4004 | D:4      | Acquired Okawaru's first power
  4011 | D:4      | Found a glowing drain.
  4016 | Sewer    | Entered a sewer
  4259 | Sewer    | Reached skill level 6 in Maces & Flails
  4327 | Sewer    | Reached XP level 7. HP: 68/71 MP: 8/8
  4529 | D:4      | Reached skill level 5 in Fighting
  5172 | D:5      | Entered Level 5 of the Dungeon
  5508 | D:5      | Reached skill level 7 in Maces & Flails
  5582 | D:5      | Found Niysi's Antique Weapon Emporium.
  5859 | D:5      | Reached XP level 8. HP: 81/83 MP: 9/9
  6522 | D:5      | Reached skill level 8 in Maces & Flails
  7294 | D:6      | Reached XP level 9. HP: 96/96 MP: 10/10
  7516 | D:6      | Reached skill level 9 in Maces & Flails
  8599 | D:6      | Found a staircase to the Ecumenical Temple.
  8605 | Temple   | Entered the Ecumenical Temple
  9677 | D:7      | Reached skill level 10 in Maces & Flails
  9997 | D:7      | Found an ancient bone altar of Kikubaaqudgha.
 10198 | D:7      | Received a gift from Okawaru
 10225 | D:7      | Identified a scroll of acquirement
 10270 | D:8      | Found a staircase to the Lair.
 10619 | D:7      | Reached XP level 10. HP: 79/110 MP: 12/12
 10966 | D:7      | Reached skill level 10 in Fighting
 11143 | D:7      | Reached skill level 10 in Throwing
 12368 | D:8      | Reached skill level 11 in Throwing
 12465 | D:8      | Noticed a wandering mushroom
 12918 | Lair:1   | Entered Level 1 of the Lair of Beasts
 12956 | Lair:1   | Found a dark tunnel.
 12982 | Volcano  | Entered a volcano
 13081 | Volcano  | Received a gift from Okawaru
 13724 | Volcano  | Reached skill level 5 in Invocations
 13734 | Volcano  | Received a gift from Okawaru
 14053 | Lair:1   | Noticed Gastronok
 14064 | Lair:1   | Killed Gastronok
 14064 | Lair:1   | Received a gift from Okawaru
 14064 | Lair:1   | Reached XP level 11. HP: 111/117 MP: 20/23
 14088 | Lair:1   | Acquired Okawaru's second power
 14206 | Lair:1   | Received a gift from Okawaru
 14329 | Lair:1   | Noticed Nergalle
 14898 | Lair:1   | Killed Nergalle
 14898 | Lair:1   | Reached skill level 12 in Throwing
 15370 | Lair:2   | Noticed an eight-headed hydra
 15376 | Lair:2   | Killed an eight-headed hydra
 15621 | Lair:2   | Reached skill level 13 in Throwing
 16224 | Lair:3   | Found a frozen archway.
 16228 | Lair:3   | Received a gift from Okawaru
 16243 | Lair:3   | Reached XP level 12. HP: 108/130 MP: 24/24
 16310 | IceCv    | Entered an ice cave
 16686 | IceCv    | Noticed a death yak
 16703 | IceCv    | Killed a death yak
 16703 | IceCv    | Reached skill level 14 in Throwing
 16759 | IceCv    | Noticed a death yak
 16759 | IceCv    | Noticed a death yak
 16785 | IceCv    | Killed a death yak
 16787 | IceCv    | Killed a death yak
 17338 | IceCv    | Noticed a death yak
 17338 | IceCv    | Noticed a death yak
 17338 | IceCv    | Noticed a frost giant
 17572 | IceCv    | Killed a death yak
 17575 | IceCv    | Received a gift from Okawaru
 17669 | IceCv    | Killed a death yak
 17669 | IceCv    | Received a gift from Okawaru
 17669 | IceCv    | Reached skill level 15 in Throwing
 17819 | IceCv    | Killed a frost giant
 17819 | IceCv    | Reached XP level 13. HP: 128/148 MP: 22/25
 18221 | Lair:3   | Reached skill level 1 in Armour
 20576 | Lair:4   | Found a hole to the Spider Nest.
 21596 | Lair:5   | Found a staircase to the Swamp.
 22177 | Lair:5   | Noticed Harold
 22192 | Lair:5   | Killed Harold
 23190 | Lair:6   | Received a gift from Okawaru
 23236 | Lair:6   | Reached skill level 15 in Maces & Flails
 23240 | Lair:6   | Received a gift from Okawaru
 23282 | Lair:6   | Reached XP level 14. HP: 134/157 MP: 26/26
 24435 | Lair:7   | Got a steaming war axe
 24689 | Lair:7   | Received a gift from Okawaru
 24690 | Lair:7   | Got a jewelled giant club {god gift}
 24696 | Lair:7   | Identified the +3 giant club "Umovost" {crush, -Tele rPois+ Str+5 Int+5} (Okawaru gifted it to you on level 7 of the Lair of Beasts)
 24798 | Lair:7   | Gained mutation: You have a pair of small horns on your head. [potion of beneficial mutation]
 25177 | Lair:7   | Reached skill level 15 in Fighting
 25187 | Lair:7   | Reached skill level 16 in Maces & Flails
 25320 | Lair:7   | Reached skill level 5 in Armour
 25601 | D:9      | Found a snail-covered altar of Cheibriados.
 25697 | D:9      | Noticed Maurice
 25776 | D:9      | Killed Maurice
 26057 | D:9      | Found a deep blue altar of Sif Muna.
 26109 | D:9      | Found a staircase to the Orcish Mines.
 26110 | D:9      | Noticed Prince Ribbit
 26110 | D:9      | Noticed Edmund
 26116 | D:9      | Killed Edmund
 26609 | D:9      | Killed Prince Ribbit
 26836 | Orc:1    | Entered Level 1 of the Orcish Mines
 26974 | Orc:1    | Found Maeptasm's Jewellery Shoppe.
 27250 | Orc:2    | Noticed Snorg
 27259 | Orc:2    | Killed Snorg
 27536 | Orc:2    | Found a radiant altar of Vehumet.
 28137 | Orc:3    | Found Optinian's Distillery.
 28139 | Orc:3    | Found a staircase to the Elven Halls.
 28808 | Orc:4    | Entered Level 4 of the Orcish Mines
 28811 | Orc:4    | Noticed an orc warlord
 28837 | Orc:4    | Found Erchaesh's Antique Weapon Shop.
 28908 | Orc:4    | Received a gift from Okawaru
 28935 | Orc:4    | Got an ancient shield {god gift}
 28961 | Orc:4    | Killed an orc warlord
 29174 | Orc:4    | Found Coassaag's Jewellery Emporium.
 29626 | Orc:3    | Identified the -3 shield of Pride {rC+ rN+ Int-2} (Okawaru gifted it to you on level 4 of the Orcish Mines)
 29659 | Orc:4    | Found Cixzi's Antique Armour Shoppe.
 29898 | Orc:4    | Found Kaothull's Antique Weapon Shop.
 30077 | Orc:4    | Found Klext's General Store.
 30080 | Orc:4    | Reached XP level 15. HP: 162/169 MP: 27/27
 30534 | Orc:1    | Bought the ring "Coiti" {rElec rC+ Dex-3 SInv} for 553 gold pieces
 30534 | Orc:1    | Bought the amulet of the Four Winds {Clar rN+ MR+++} for 636 gold pieces
 30621 | Lair:2   | Learned a level 1 spell: Summon Butterflies
 30727 | Lair:8   | Entered Level 8 of the Lair of Beasts
 31000 | Lair:8   | Found a staircase to the Slime Pits.
 31844 | Lair:8   | Received a gift from Okawaru
 32009 | Lair:8   | Reached skill level 17 in Maces & Flails
 32119 | Lair:8   | Received a gift from Okawaru
 32491 | Lair:8   | Received a gift from Okawaru
 32883 | D:8      | Noticed a wandering mushroom
 32885 | D:8      | Killed a wandering mushroom
 32888 | D:8      | Found a blossoming altar of Fedhas.
 32888 | D:8      | Noticed a wandering mushroom
 32888 | D:8      | Noticed a wandering mushroom
 32890 | D:8      | Killed a wandering mushroom
 32894 | D:8      | Killed a wandering mushroom
 32904 | D:8      | Killed a wandering mushroom
 32984 | D:10     | Entered Level 10 of the Dungeon
 33275 | D:10     | Noticed Psyche
 33282 | D:10     | Killed Psyche
 33755 | D:11     | Noticed Josephine
 33760 | D:11     | Killed Josephine
 34075 | D:11     | Found a sparkling altar of Nemelex Xobeh.
 35812 | D:13     | Found Gadwamp's Armour Emporium.
 36017 | D:13     | Reached XP level 16. HP: 120/183 MP: 28/28
 36019 | D:13     | Received a gift from Okawaru
 37383 | D:14     | Reached skill level 18 in Maces & Flails
 37459 | D:14     | Found a gate to the Vaults.
 37519 | D:15     | Entered Level 15 of the Dungeon
 37589 | D:15     | Found a labyrinth entrance.
 37611 | Lab      | Entered a labyrinth
 37933 | Lab      | Got a transparent iron amulet
 37950 | D:15     | Identified the amulet of Tweat {rCorr rC- Int+3 SInv} (You found it in a labyrinth)
 37976 | D:15     | Identified a +4 rod of inaccuracy (14/14) (You found it in a labyrinth)
 38138 | D:15     | Noticed Fannar
 38151 | D:15     | Killed Fannar
 38281 | D:15     | Found a staircase to the Depths.
 38967 | D:15     | Learned a level 2 spell: Blink
 38970 | D:15     | Learned a level 2 spell: Repel Missiles
 39026 | D:15     | Found a stormy altar of Qazlal.
 39110 | D:15     | Received a gift from Okawaru
 39787 | Lair:2   | Upgraded the game from 0.16-a0-3997-g61da7c2 to 0.16-a0-4002-g2d13b8e
 39858 | Spider:1 | Entered Level 1 of the Spider Nest
 39932 | Spider:1 | Reached skill level 1 in Summonings
 40416 | Spider:1 | Got an ancient crystal amulet
 41470 | Spider:1 | Identified the amulet of Izivaivo {rCorr rN+} (You found it on level 1 of the Spider Nest)
 41868 | Spider:2 | Reached XP level 17. HP: 183/193 MP: 28/28
 42097 | Spider:2 | Reached skill level 5 in Summonings
 42141 | Spider:2 | Reached skill level 1 in Translocations
 43099 | Spider:3 | Noticed Mara
 43109 | Spider:3 | Killed Mara
 43109 | Spider:3 | Received a gift from Okawaru
 43678 | Spider:3 | Reached skill level 5 in Translocations
 43902 | Spider:3 | Received a gift from Okawaru
 44396 | Spider:3 | Received a gift from Okawaru
 45561 | Swamp:1  | Entered Level 1 of the Swamp
 46018 | Swamp:1  | Noticed Frances
 46022 | Swamp:1  | Killed Frances
 46038 | Swamp:1  | Got a smoking robe
 47465 | Swamp:2  | Identified the cursed -1 robe of Exclusion {rElec Str+2 Int+6} (You found it on level 1 of the Swamp)
 47777 | Swamp:3  | Reached XP level 18. HP: 189/205 MP: 29/29
 47989 | Swamp:3  | Received a gift from Okawaru
 48368 | Swamp:3  | Reached skill level 19 in Maces & Flails
 49088 | Swamp:5  | Entered Level 5 of the Swamp
 49155 | Swamp:5  | Received a gift from Okawaru
 49274 | Swamp:3  | Reached skill level 10 in Armour
 50039 | D:9      | Identified Sif Muna's Tome of Confrontation
 50302 | Spider:5 | Entered Level 5 of the Spider Nest
 50910 | Spider:5 | Received a gift from Okawaru
 51158 | Spider:5 | Noticed Roxanne
 51163 | Spider:5 | Killed Roxanne
 51698 | Spider:5 | Received a gift from Okawaru
 51731 | Spider:5 | Got a gossamer rune of Zot
 52367 | Swamp:5  | Received a gift from Okawaru
 52391 | Swamp:5  | Reached skill level 20 in Fighting
 52434 | Swamp:5  | Reached XP level 19. HP: 196/220 MP: 30/30
 52665 | Swamp:5  | Noticed the 27-headed Lernaean hydra
 52670 | Swamp:5  | Killed the 27-headed Lernaean hydra
 52670 | Swamp:5  | Received a gift from Okawaru
 52670 | Swamp:5  | Reached skill level 21 in Fighting
 52856 | Swamp:5  | Got a decaying rune of Zot
 53495 | Elf:1    | Entered Level 1 of the Elven Halls
 53514 | Elf:1    | Reached skill level 22 in Fighting
 53693 | Elf:1    | Received a gift from Okawaru
 54045 | Elf:1    | Found Nifuvvif's Assorted Antiques.
 54051 | Elf:1    | Bought a scroll of enchant weapon for 172 gold pieces
 54123 | Elf:1    | Received a gift from Okawaru
 54134 | Elf:1    | Reached skill level 23 in Fighting
 54341 | Elf:1    | Got a faintly glowing dire flail {god gift}
 54471 | Elf:1    | Noticed Kirke
 54477 | Elf:1    | Killed Kirke
 54732 | Elf:1    | Identified the +6 dire flail "Pugannes" {flame, +Blink +Inv Str+5 Stlth-} (Okawaru gifted it to you on level 1 of the Elven Halls)
 55048 | Elf:2    | Found a runed door.
 55072 | Elf:2    | Found a runed door.
 55618 | Elf:2    | Received a gift from Okawaru
 56653 | Vaults:1 | Entered Level 1 of the Vaults
 56698 | Vaults:1 | Received a gift from Okawaru
 56938 | Vaults:1 | Noticed Nikola
 56962 | Vaults:1 | Received a gift from Okawaru
 56974 | Vaults:1 | Killed Nikola
 57085 | Vaults:1 | Received a gift from Okawaru
 57085 | Vaults:1 | Reached XP level 20. HP: 182/239 MP: 30/30
 57939 | Vaults:1 | Received a gift from Okawaru
 58314 | Vaults:1 | Received a gift from Okawaru
 58552 | Vaults:1 | Received a gift from Okawaru
 59784 | Vaults:2 | Received a gift from Okawaru
 60027 | Vaults:2 | Received a gift from Okawaru
 60291 | Vaults:2 | Found a glowing golden altar of the Shining One.
 60669 | Vaults:2 | Received a gift from Okawaru
 60669 | Vaults:2 | Reached XP level 21. HP: 237/248 MP: 31/31
 62128 | Elf:3    | Entered Level 3 of the Elven Halls
 62148 | Elf:3    | Found Imoi's Armour Shop.
 62495 | Elf:3    | Reached skill level 15 in Armour
 63543 | Elf:3    | Received a gift from Okawaru
 63595 | Elf:3    | Got a scorched giant club {god gift}
 63616 | Elf:3    | Identified the +3 giant club of Prescription {elec, rPois+ rF+ rC+ Dex-3 Stlth+} (Okawaru gifted it to you on level 3 of the Elven Halls)
 63875 | Elf:3    | Learned a level 3 spell: Abjuration
 63889 | Elf:3    | Identified Sif Muna's Handbook of Unholy Rituals and Heat (You found it on level 3 of the Elven Halls)
 64097 | Lair:2   | Identified a +4 rod of clouds (13/13) (You took it off a deep elf mage on level 3 of the Elven Halls)
 64098 | Lair:2   | Identified a +4 rod of destruction (10/10) (You took it off a deep elf high priest on level 3 of the Elven Halls)
 64572 | Vaults:3 | Found a staircase to the Crypt.
 64648 | Vaults:3 | Received a gift from Okawaru
 64847 | Vaults:3 | Noticed Aizul
 64863 | Vaults:3 | Killed Aizul
 64863 | Vaults:3 | Received a gift from Okawaru
 64869 | Vaults:3 | Got a jewelled giant spiked club {god gift}
 64870 | Vaults:3 | Identified the +9 giant spiked club of Defence by Offence {drain, +Rage +Fly MR+} (Okawaru gifted it to you on level 3 of the Vaults)
 65213 | Vaults:3 | Reached XP level 22. HP: 107/259 MP: 32/32
 65748 | Vaults:3 | Received a gift from Okawaru
 66140 | Vaults:4 | Noticed Agnes
 66144 | Vaults:4 | Killed Agnes
 66144 | Vaults:4 | Reached skill level 24 in Maces & Flails
 67669 | Depths:1 | Entered Level 1 of the Depths
 67697 | Depths:1 | Received a gift from Okawaru
 67736 | Depths:1 | Found a magical portal.
 67933 | WizLab   | Entered The Hall of Xuoz the Hellbinder
 68427 | WizLab   | Found a burning altar of Makhleb.
 68453 | WizLab   | Identified the Catalogue of Summoning
 68462 | WizLab   | Identified the Incunabulum of Summoning
 68589 | Depths:1 | Learned a level 3 spell: Regeneration
 68821 | Depths:1 | Reached XP level 23. HP: 226/266 MP: 32/32
 68969 | Depths:1 | Received a gift from Okawaru
 68970 | Depths:1 | Found a gateway to Hell.
 68972 | Depths:1 | Got a translucent giant club {god gift}
 68973 | Depths:1 | Identified the +5 giant club of the Special Wonders {freeze, rN+ Str-2 Dex+4} (Okawaru gifted it to you on level 1 of the Depths)
 69013 | Depths:1 | Noticed Sojobo
 69036 | Depths:1 | Killed Sojobo
 69327 | Depths:1 | Found a one-way gate leading to the halls of Pandemonium.
 69329 | Depths:1 | Noticed Norris
 69335 | Depths:1 | Killed Norris
 69482 | Depths:1 | Received a gift from Okawaru
 69836 | Depths:1 | Received a gift from Okawaru
 69928 | Depths:1 | Found a stormy altar of Qazlal.
 70099 | Depths:2 | Received a gift from Okawaru
 70389 | Depths:2 | Received a gift from Okawaru
 70854 | Depths:2 | Found a roughly hewn altar of Beogh.
 71135 | Depths:3 | Found a flickering gateway to a bazaar.
 71188 | Bazaar   | Entered a bazaar
 71192 | Bazaar   | Found Dawyulump's Weapon Boutique.
 71210 | Bazaar   | Found Qionuta's Jewellery Emporium.
 71227 | Bazaar   | Found Septahef's Book Boutique.
 71244 | Bazaar   | Found Qois' Antique Weapon Shoppe.
 71266 | Bazaar   | Bought 6 curare-tipped needles for 54 gold pieces
 71281 | Bazaar   | Bought the ring "Mohatom" {rPois+ rF+ Int-3 Dex+2} for 375 gold pieces
 71398 | Depths:3 | Noticed the Enchantress
 71987 | Depths:3 | Received a gift from Okawaru
 72077 | Depths:3 | Killed the Enchantress
 72077 | Depths:3 | Reached XP level 24. HP: 203/277 MP: 33/33
 72573 | Depths:3 | Found a one-way gate leading to the halls of Pandemonium.
 72653 | Depths:3 | Received a gift from Okawaru
 72744 | Depths:3 | Found a runed door.
 73228 | Depths:3 | Found a radiant altar of Vehumet.
 73228 | Depths:3 | Noticed Frederick
 73233 | Depths:3 | Killed Frederick
 73235 | Depths:3 | Found a runed door.
 73334 | Depths:3 | Received a gift from Okawaru
 74355 | Depths:4 | Received a gift from Okawaru
 74398 | Depths:4 | Found a one-way gate to the infinite horrors of the Abyss.
 75759 | Depths:4 | Reached XP level 25. HP: 175/288 MP: 33/33
 75912 | Depths:4 | Received a gift from Okawaru
 76554 | Depths:4 | Got a flickering diamond amulet
 76837 | Depths:5 | Entered Level 5 of the Depths
 76837 | Depths:5 | Found a gateway to a ziggurat.
 77041 | Depths:5 | Received a gift from Okawaru
 77053 | Depths:5 | Got a brightly glowing giant club {god gift}
 77054 | Depths:5 | Identified the +8 giant club "Facost" {flame, rF- Dex+7} (Okawaru gifted it to you on level 5 of the Depths)
 77315 | Depths:5 | Found a gate to the Realm of Zot.
 78631 | Depths:5 | Received a gift from Okawaru
 78669 | Depths:5 | Reached skill level 25 in Fighting
 79409 | Vaults:4 | Identified the amulet of the Illusory Nights {Clar -Tele +Inv rPois+} (You found it on level 4 of the Depths)
 79418 | Vaults:5 | Entered Level 5 of the Vaults
 79422 | Vaults:5 | Reached XP level 26. HP: 304/304 MP: 27/34
 80282 | Vaults:5 | Received a gift from Okawaru
 80296 | Vaults:5 | Got a slimy robe {god gift}
 80380 | Vaults:5 | Got a silver rune of Zot
 80406 | Vaults:5 | Learned a level 1 spell: Apportation
 80410 | Vaults:5 | Identified Thruullos' Tome of Heat and Confrontation (You found it on level 5 of the Vaults)
 80499 | Vaults:5 | Identified the -1 robe "Qaimeg" {MR++} (Okawaru gifted it to you on level 5 of the Vaults)
 81039 | Vaults:5 | Noticed an ancient lich
 81052 | Vaults:5 | Killed an ancient lich
 81052 | Vaults:5 | Reached skill level 5 in Dodging
 81632 | Vaults:5 | Identified Peihyex's Guide on Damaging Curses (You found it on level 5 of the Vaults)
 81671 | Vaults:5 | Received a gift from Okawaru
 81682 | Vaults:5 | Noticed an ancient lich
 81685 | Vaults:5 | Killed an ancient lich
 81685 | Vaults:5 | Reached XP level 27. HP: 271/316 MP: 34/34
 81905 | Vaults:5 | Received a gift from Okawaru
 81923 | Vaults:5 | Got a twisted cloak {god gift}
 81934 | Vaults:5 | Identified the +0 cloak of the Beekeeper {rPois- rC+ Slay+4} (Okawaru gifted it to you on level 5 of the Vaults)
 82002 | Vaults:5 | Noticed Xtahua
 82004 | Vaults:5 | Killed Xtahua
 82178 | Vaults:5 | Got a shimmering hat
 82189 | Vaults:5 | Identified the -4 hat "Xin Aqyn" {Str+4} (You found it on level 5 of the Vaults)
 82335 | Vaults:5 | Noticed an ancient lich
 82337 | Vaults:5 | Killed an ancient lich
 83247 | Depths:4 | Voluntarily entered the Abyss.
 83539 | Abyss:3  | Reached skill level 26 in Fighting
 84494 | Abyss:3  | Found a corrupted altar of Lugonu.
 84950 | Abyss:3  | Received a gift from Okawaru
 85562 | Abyss:3  | Received a gift from Okawaru
 85984 | Abyss:3  | Found a corrupted altar of Lugonu.
 86137 | Abyss:3  | Received a gift from Okawaru
 86180 | Abyss:3  | Gained mutation: Scrolls take you a little longer to read. [a neqoxec]
 86259 | Abyss:3  | Found a corrupted altar of Lugonu.
 86496 | Abyss:3  | Reached skill level 10 in Translocations
 86922 | Abyss:3  | Found a shimmering altar of Xom.
 87058 | Abyss:3  | Paralysed by accursed screaming for 1 turns
 87306 | Abyss:3  | Reached skill level 1 in Necromancy
 87313 | Abyss:3  | Reached skill level 1 in Charms
 87410 | Abyss:3  | Gained mutation: You are weak. (Str -2) [a neqoxec]
 88148 | Abyss:3  | Got an abyssal rune of Zot
 88444 | Abyss:3  | Found a corrupted altar of Lugonu.
 88952 | Abyss:3  | Reached skill level 5 in Charms
 88970 | Abyss:3  | Reached skill level 5 in Necromancy
 89051 | Depths:4 | Escaped the Abyss
 89960 | Slime:1  | Entered Level 1 of the Pits of Slime
 90148 | Slime:2  | Noticed Dissolution
 90155 | Slime:2  | Paralysed by a giant eyeball for 4 turns
 90162 | Slime:2  | Paralysed by a giant eyeball for 3 turns
 90659 | Slime:1  | Killed Dissolution
 90659 | Slime:1  | Received a gift from Okawaru
 90678 | Slime:2  | Received a gift from Okawaru
 90998 | Slime:6  | Entered Level 6 of the Pits of Slime
 91679 | Slime:6  | Found a viscous altar of Jiyva.
 91681 | Slime:6  | Noticed the royal jelly
 91688 | Slime:6  | Killed the royal jelly
 91688 | Slime:6  | Received a gift from Okawaru
 92017 | Slime:6  | Identified the Incunabulum of Harmful Curses
 92065 | Slime:6  | Got a wavering steel ring
 92071 | Slime:6  | Got a sheer robe
 92110 | Slime:6  | Got a slimy rune of Zot
 92117 | Slime:6  | Identified a +6 rod of ignition (14/14) (You found it on level 6 of the Pits of Slime)
 92119 | Slime:6  | Identified the ring "Baetapp" {-Cast +Fly rN+ Dex-5 Slay+3 SInv} (You found it on level 6 of the Pits of Slime)
 92145 | Slime:6  | Identified the +2 robe "Iddiote" {MR+ Dex+4} (You found it on level 6 of the Pits of Slime)
 92417 | Lair:2   | Upgraded the game from 0.16-a0-4002-g2d13b8e to 0.16-a0-4005-g3d13fd6
 92741 | Zot:1    | Entered Level 1 of the Realm of Zot
 92792 | Zot:1    | Received a gift from Okawaru
 93178 | Zot:2    | Received a gift from Okawaru
 93377 | Zot:2    | Noticed an orb of fire
 93386 | Zot:2    | Killed an orb of fire
 93405 | Zot:2    | Received a gift from Okawaru
 93566 | Zot:2    | Received a gift from Okawaru
 94123 | Zot:3    | Received a gift from Okawaru
 95195 | Zot:4    | Received a gift from Okawaru
 95223 | Zot:4    | Got an iridescent giant spiked club {god gift}
 95226 | Zot:4    | Identified the +2 giant spiked club of the Ancient Songs {flame, rF- rC++ MP+9 Stlth+} (Okawaru gifted it to you on level 4 of the Realm of Zot)
 95346 | Zot:4    | Reached skill level 10 in Charms
 95455 | Zot:4    | Reached skill level 10 in Necromancy
 95802 | Zot:5    | Entered Level 5 of the Realm of Zot
 96278 | Zot:5    | Noticed an orb of fire
 96291 | Zot:5    | Killed an orb of fire
 96294 | Zot:5    | Noticed an ancient lich
 96295 | Zot:5    | Received a gift from Okawaru
 96298 | Zot:5    | Killed an ancient lich
 96326 | Zot:5    | Noticed an orb of fire
 96330 | Zot:5    | Noticed an orb of fire
 96339 | Zot:5    | Killed an orb of fire
 96351 | Zot:5    | Noticed an orb of fire
 96361 | Zot:5    | Killed an orb of fire
 96378 | Zot:5    | Killed an orb of fire
 96416 | Zot:5    | Noticed an orb of fire
 96428 | Zot:5    | Killed an orb of fire
 96701 | Zot:5    | Reached skill level 1 in Spellcasting
 96743 | Zot:5    | Noticed an orb of fire
 96747 | Zot:5    | Killed an orb of fire
 96747 | Zot:5    | Reached skill level 5 in Spellcasting
 96807 | Zot:5    | Noticed an orb of fire
 96821 | Zot:5    | Killed an orb of fire
 96850 | Zot:5    | Noticed an orb of fire
 96857 | Zot:5    | Killed an orb of fire
 96909 | Zot:5    | Received a gift from Okawaru
 96941 | Zot:5    | Reached skill level 10 in Spellcasting
 97016 | Zot:5    | Received a gift from Okawaru
 97016 | Zot:5    | Reached skill level 10 in Dodging
 97403 | Zot:2    | Received a gift from Okawaru
 98167 | Crypt:1  | Entered Level 1 of the Crypt
 98209 | Crypt:1  | Received a gift from Okawaru
 99681 | Crypt:2  | Learned a level 3 spell: Spectral Weapon
 99732 | Crypt:2  | Reached skill level 1 in Hexes
100010 | Crypt:3  | Entered Level 3 of the Crypt
100441 | Crypt:3  | Found a staircase to the Tomb.
100461 | Crypt:3  | Received a gift from Okawaru
100718 | Crypt:3  | Reached skill level 5 in Hexes
100733 | Crypt:3  | Got a twitching lead ring
100735 | Crypt:3  | Identified the ring "Texou" {MP+9 Str+3 Int+2 Dex+4} (You found it on level 3 of the Crypt)
100977 | Crypt:3  | Found an ancient bone altar of Kikubaaqudgha.
100982 | Crypt:3  | Noticed an ancient lich
101003 | Crypt:3  | Killed an ancient lich
101003 | Crypt:3  | Received a gift from Okawaru
101067 | Crypt:3  | Noticed an ancient lich
101073 | Crypt:3  | Killed an ancient lich
101073 | Crypt:3  | Received a gift from Okawaru
101079 | Crypt:3  | Got a slimy giant club {god gift}
101082 | Crypt:3  | Identified the +3 giant club of Okawaru's Favour {freeze, Int+3} (Okawaru gifted it to you on level 3 of the Crypt)
101092 | Crypt:3  | Learned a level 2 spell: Swiftness
101096 | Crypt:3  | Learned a level 3 spell: Portal Projectile
101100 | Crypt:3  | Learned a level 3 spell: Flight
101105 | Crypt:3  | Learned a level 4 spell: Passage of Golubria
101967 | Lair:2   | Learned a level 5 spell: Silence
101974 | Lair:2   | Learned a level 6 spell: Haste
101977 | Lair:2   | Learned a level 2 spell: Song of Slaying
102008 | Lair:2   | Learned a level 6 spell: Deflect Missiles
102855 | Pan      | Entered Pandemonium
103010 | Pan      | Reached skill level 1 in Air Magic
103376 | Pan      | Received a gift from Okawaru
103466 | Pan      | Noticed Isuhea Soled the pandemonium lord
103474 | Pan      | Killed Isuhea Soled the pandemonium lord
103474 | Pan      | Reached skill level 5 in Air Magic
103501 | Pan      | Found an exit through the horrors of the Abyss.
103796 | Pan      | Received a gift from Okawaru
105318 | Pan      | Reached skill level 10 in Hexes
105534 | Pan      | Found a glowing silver altar of Zin.
105712 | Pan      | Received a gift from Okawaru
106133 | Pan      | Found a white marble altar of Elyvilon.
106562 | Pan      | Received a gift from Okawaru
107015 | Pan      | Noticed a seraph
107025 | Pan      | Killed a seraph
107212 | Pan      | Found a glowing golden altar of the Shining One.
107302 | Pan      | Got a demonic rune of Zot
107304 | Pan      | Identified the Almanac of Supportive Sinister Rites
107307 | Pan      | Identified the Compendium of Ashen Transformation
107362 | Pan      | Received a gift from Okawaru
107771 | Pan      | Found an exit through the horrors of the Abyss.
107955 | Pan      | Found a runed door.
108038 | Pan      | Found a runed door.
108049 | Pan      | Found a runed door.
108059 | Pan      | Found a runed door.
108250 | Pan      | Noticed Ris Blod the pandemonium lord
108257 | Pan      | Killed Ris Blod the pandemonium lord
108947 | Pan      | Found an exit through the horrors of the Abyss.
109155 | Pan      | Noticed Grotatz the pandemonium lord
109174 | Pan      | Killed Grotatz the pandemonium lord
109630 | Pan      | Noticed Treummij the pandemonium lord
109638 | Pan      | Killed Treummij the pandemonium lord
109662 | Pan      | Reached skill level 15 in Charms
109665 | Pan      | Received a gift from Okawaru
109679 | Pan      | Got a bone giant club {god gift}
109774 | Pan      | Identified the +6 giant club of the Realm of Zot {vamp, MP+9 Int+5 Stlth-} (Okawaru gifted it to you in Pandemonium)
109852 | Pan      | Found an exit through the horrors of the Abyss.
110254 | Depths:3 | Escaped Pandemonium
110277 | Pan      | Entered the realm of Cerebov.
110277 | Pan      | Entered Pandemonium
110387 | Pan      | Found an exit through the horrors of the Abyss.
110815 | Pan      | Got a scorched glass ring
110935 | Pan      | Got a twitching platinum ring
111130 | Pan      | Identified Sam Usof's Incunabulum of Black Rites
111138 | Pan      | Noticed Cerebov
111171 | Pan      | Lost mutation: Scrolls take you a little longer to read. [potion of cure mutation]
111171 | Pan      | Lost mutation: You are weak. (Str -2) [potion of cure mutation]
111171 | Pan      | Lost mutation: You have a pair of small horns on your head. [potion of cure mutation]
111184 | Pan      | Killed Cerebov
111184 | Pan      | Received a gift from Okawaru
111535 | Pan      | Got a fiery rune of Zot
111573 | Pan      | Received a gift from Okawaru
111592 | Pan      | Got a translucent great mace {god gift}
111704 | Pan      | Got a translucent lapis lazuli ring
111729 | Pan      | Identified the ring "Wuvy" {rPois+ Int+2} (You took it off a balrug in Pandemonium)
111731 | Pan      | Identified the ring of Guwnyep {+Inv rPois+ MR+ Int+4 Dex-2 Stlth+} (You took it off a balrug in Pandemonium)
111732 | Pan      | Identified the ring "Utexuwat" {SustAb MR+ Dex+2 Stlth+} (You took it off an efreet in Pandemonium)
111735 | Pan      | Identified the +3 great mace of Charity {crush, rElec rPois+ rF- Str-4 SInv Stlth+} (Okawaru gifted it to you in Pandemonium)
111755 | Pan      | Got an ancient blowgun
111756 | Pan      | Identified the +2 blowgun of the Thirteen Moons {speed, rElec rF- rN+ Str-2 Int+5} (You found it in Pandemonium)
111822 | Pan      | Entered the realm of Gloorx Vloq.
112067 | Pan      | Noticed Gloorx Vloq
112080 | Pan      | Killed Gloorx Vloq
112387 | Pan      | Got a dark rune of Zot
112451 | Pan      | Received a gift from Okawaru
112536 | Pan      | Received a gift from Okawaru
112726 | Pan      | Found an exit through the horrors of the Abyss.
112878 | Pan      | Received a gift from Okawaru
113383 | Pan      | Received a gift from Okawaru
113431 | Pan      | Received a gift from Okawaru
113566 | Pan      | Received a gift from Okawaru
113578 | Pan      | Got a twisted giant spiked club {god gift}
113579 | Pan      | Identified the +5 giant spiked club of the Heavens {drain, Int-3 Dex+5 Stlth+} (Okawaru gifted it to you in Pandemonium)
114000 | Pan      | Noticed Xeedeydgh the pandemonium lord
114010 | Pan      | Killed Xeedeydgh the pandemonium lord
114434 | Pan      | Received a gift from Okawaru
114463 | Pan      | Found an exit through the horrors of the Abyss.
114774 | Pan      | Received a gift from Okawaru
114915 | Pan      | Got a polished giant spiked club {god gift}
114916 | Pan      | Identified the +4 giant spiked club "She Goni" {freeze, rN+ Dex+2 SInv} (Okawaru gifted it to you in Pandemonium)
115237 | Pan      | Found a gateway to a ziggurat.
115457 | Pan      | Noticed Thyq the pandemonium lord
115464 | Pan      | Killed Thyq the pandemonium lord
115694 | Pan      | Found an exit through the horrors of the Abyss.
116301 | Pan      | Upgraded the game from 0.16-a0-4005-g3d13fd6 to 0.16-a0-4013-gd591273
116349 | Zig:1    | Entered Level 1 of a ziggurat
116354 | Zig:1    | Received a gift from Okawaru
116376 | Zig:2    | Entered Level 2 of a ziggurat
116395 | Zig:3    | Entered Level 3 of a ziggurat
116435 | Zig:4    | Entered Level 4 of a ziggurat
116435 | Zig:4    | Noticed Vidiiot's ghost (mighty MiBe)
116443 | Zig:4    | Killed Vidiiot's ghost
116590 | Zig:5    | Entered Level 5 of a ziggurat
116700 | Zig:5    | Identified a +6 rod of destruction (11/11) (You found it on level 5 of a ziggurat)
116705 | Zig:6    | Entered Level 6 of a ziggurat
116769 | Zig:6    | Identified Ceuzxir's Volume of Execration (You found it on level 6 of a ziggurat)
116794 | Zig:6    | Gained mutation: You possess an exceptional clarity of mind. [potion of beneficial mutation]
116808 | Zig:7    | Entered Level 7 of a ziggurat
116912 | Zig:7    | Identified the Reference Book on Conjuration (You found it on level 7 of a ziggurat)
116925 | Zig:8    | Entered Level 8 of a ziggurat
117032 | Zig:8    | Got a coiled zirconium amulet
117034 | Zig:8    | Identified the Guide on the Toxic Snowflakes (You found it on level 8 of a ziggurat)
117043 | Zig:8    | Got a pitted tin ring
117046 | Zig:8    | Identified the ring of Shraeklucki {+Blink +Fly Str+4 Int+2 Dex+2 Stlth-} (You found it on level 8 of a ziggurat)
117070 | Zig:8    | Identified the amulet "Khauxidiy" {Ward rPois+ rN+ MP-9 Dex+5} (You found it on level 8 of a ziggurat)
117086 | Zig:9    | Entered Level 9 of a ziggurat
117095 | Zig:9    | Received a gift from Okawaru
117180 | Zig:9    | Got a shimmering granite ring
117182 | Zig:9    | Identified the ring "Shrua" {Ice Str+3 Int+6 Dex-4 Stlth+} (You found it on level 9 of a ziggurat)
117278 | Zig:10   | Entered Level 10 of a ziggurat
117323 | Zig:10   | Received a gift from Okawaru
117410 | Zig:11   | Entered Level 11 of a ziggurat
117904 | Zig:11   | Got an encrusted ice dragon armour
117970 | Pan      | Took an exit into the Abyss.
117970 | Abyss:1  | Escaped into the Abyss
118125 | Abyss:1  | Identified the +0 ice dragon armour of Brunohae {rF- rC++ Stlth+} (You found it on level 11 of a ziggurat)
118317 | Depths:3 | Escaped the Abyss
118329 | Depths:3 | Gained mutation: You have large cloven feet. [potion of beneficial mutation]
118935 | Pan      | Entered the realm of Mnoleg.
118935 | Pan      | Entered Pandemonium
118940 | Pan      | Noticed Mnoleg
118943 | Pan      | Received a gift from Okawaru
118960 | Pan      | Gained mutation: You are frail (-10% HP). [a shining eye]
118963 | Pan      | Killed Mnoleg
119331 | Pan      | Gained mutation: You tend to lose your temper in combat. [a cacodemon]
119455 | Pan      | Found an exit through the horrors of the Abyss.
119741 | Pan      | Reached skill level 15 in Dodging
119785 | Pan      | Received a gift from Okawaru
119823 | Pan      | Paralysed by a giant eyeball for 4 turns
119931 | Pan      | Received a gift from Okawaru
120161 | Pan      | Gained mutation: You occasionally shout uncontrollably at your foes. [a cacodemon]
120364 | Pan      | Got a glowing rune of Zot
120437 | Pan      | Found an exit through the horrors of the Abyss.
120534 | Pan      | Noticed Thebuac the pandemonium lord
120542 | Pan      | Killed Thebuac the pandemonium lord
121159 | Depths:3 | Escaped Pandemonium
121169 | Depths:3 | Lost mutation: You occasionally shout uncontrollably at your foes. [potion of cure mutation]
121169 | Depths:3 | Lost mutation: You are frail (-10% HP). [potion of cure mutation]
121170 | Depths:3 | Lost mutation: You have large cloven feet. [potion of cure mutation]
121170 | Depths:3 | Lost mutation: You tend to lose your temper in combat. [potion of cure mutation]
121170 | Depths:3 | Lost mutation: You possess an exceptional clarity of mind. [potion of cure mutation]
121227 | Pan      | Entered Pandemonium
121574 | Pan      | Found an exit through the horrors of the Abyss.
121706 | Pan      | Noticed Ignacio
121725 | Pan      | Killed Ignacio
122129 | Pan      | Noticed Skaicujy the pandemonium lord
122155 | Pan      | Killed Skaicujy the pandemonium lord
122597 | Pan      | Found an exit through the horrors of the Abyss.
123091 | Pan      | Found a huge runed gate.
123111 | Pan      | Received a gift from Okawaru
123343 | Pan      | Noticed Ychibb the pandemonium lord
123347 | Pan      | Killed Ychibb the pandemonium lord
123885 | Pan      | Found an exit through the horrors of the Abyss.
124823 | Pan      | Received a gift from Okawaru
125744 | Pan      | Found an exit through the horrors of the Abyss.
126110 | Pan      | Noticed Mnamad the pandemonium lord
126118 | Pan      | Killed Mnamad the pandemonium lord
126323 | Pan      | Identified Sif Muna's Handbook of Assistive Execration (You found it in Pandemonium)
126440 | Pan      | Reached skill level 10 in Air Magic
126721 | Pan      | Reached skill level 15 in Hexes
127451 | Pan      | Found an exit through the horrors of the Abyss.
127805 | Pan      | Received a gift from Okawaru
128413 | Pan      | Noticed Tearelo the pandemonium lord
128413 | Pan      | Received a gift from Okawaru
128424 | Pan      | Killed Tearelo the pandemonium lord
128539 | Pan      | Found an exit through the horrors of the Abyss.
128973 | Depths:3 | Escaped Pandemonium
129457 | Pan      | Entered the realm of Lom Lobon.
129457 | Pan      | Entered Pandemonium
129595 | Pan      | Got a shimmering steel ring
129598 | Pan      | Identified the ring of Hufiuteth {Wiz rN+ MR- Stlth+} (You found it in Pandemonium)
129670 | Pan      | Found an exit through the horrors of the Abyss.
129989 | Pan      | Noticed Lom Lobon
130024 | Pan      | Killed Lom Lobon
130300 | Pan      | Got a magical rune of Zot
130368 | Pan      | Received a gift from Okawaru
130410 | Pan      | Took an exit into the Abyss.
130410 | Abyss:1  | Escaped into the Abyss
130443 | Depths:3 | Escaped the Abyss
130927 | Hell     | Entered the Vestibule of Hell
130927 | Hell     | Noticed Geryon
130965 | Hell     | Killed Geryon
131446 | Hell     | Found a gateway to the decaying netherworld of Tartarus.
131822 | Hell     | Found a gateway to the ashen valley of Gehenna.
131944 | Hell     | Found a gateway to the Iron City of Dis.
132038 | Hell     | Found a gateway to the freezing wastes of Cocytus.
132149 | Coc:1    | Entered Level 1 of Cocytus
132779 | Coc:5    | Received a gift from Okawaru
132885 | Coc:7    | Entered Level 7 of Cocytus
133586 | Coc:7    | Received a gift from Okawaru
133672 | Coc:7    | Got a translucent giant club {god gift}
133674 | Coc:7    | Identified the +5 giant club of Extremism {crush, rF+ Int+5 Stlth+} (Okawaru gifted it to you on level 7 of Cocytus)
133814 | Coc:7    | Received a gift from Okawaru
134100 | Coc:7    | Noticed Antaeus
134560 | Coc:7    | Killed Antaeus
134560 | Coc:7    | Received a gift from Okawaru
134560 | Coc:7    | Received a gift from Okawaru
134569 | Coc:7    | Got an icy rune of Zot
134588 | Coc:7    | Identified the Volume of Weightlessness (You found it on level 7 of Cocytus)
134889 | Depths:1 | Learned a level 4 spell: Control Teleport
134985 | Hell     | Received a gift from Okawaru
134991 | Tar:1    | Entered Level 1 of Tartarus
135520 | Tar:5    | You fall through a shaft!
135564 | Tar:6    | Cast into the Abyss (reaper)
135581 | Tar:6    | Escaped the Abyss
135678 | Tar:7    | Entered Level 7 of Tartarus
135759 | Tar:7    | Reached skill level 15 in Spellcasting
136099 | Tar:7    | Identified the Tome of Lethal Moulding
136101 | Tar:7    | Identified the Grimoire of Conjuration
136103 | Tar:7    | Identified Vehumet's Handbook of Igneous Confrontation
136203 | Tar:7    | Received a gift from Okawaru
136234 | Tar:7    | Got a warped giant spiked club {god gift}
136236 | Tar:7    | Identified the +2 giant spiked club "Murmur" {flame, rF- Str+5 Int+7 Stlth+} (Okawaru gifted it to you on level 7 of Tartarus)
136503 | Tar:7    | Noticed an ancient lich
136504 | Tar:7    | Noticed an ancient lich
136506 | Tar:7    | Killed an ancient lich
136510 | Tar:7    | Killed an ancient lich
136510 | Tar:7    | Received a gift from Okawaru
136552 | Tar:7    | Got a crude giant club {god gift}
136553 | Tar:7    | Identified the +6 giant club "Ygrurchar" {crush, rN+ Str-5 SInv Stlth+} (Okawaru gifted it to you on level 7 of Tartarus)
136664 | Tar:7    | Noticed Ereshkigal
136678 | Tar:7    | Killed Ereshkigal
136709 | Tar:7    | Got a bone rune of Zot
136764 | Tar:7    | HP: 14/319 [ettin skeleton[the effects of Hell] (19)]
136766 | Tar:7    | Slain by an ettin skeleton

Action                   |  1- 3 |  4- 6 |  7- 9 | 10-12 | 13-15 | 16-18 | 19-21 | 22-24 | 25-27 || total
-------------------------+-------+-------+-------+-------+-------+-------+-------+-------+-------++-------
Melee: Short sword       |    59 |       |       |       |       |       |       |       |       ||    59
       Club              |    55 |       |       |       |       |       |       |       |       ||    55
       Whip              |   113 |     1 |       |       |       |       |       |       |       ||   114
       Mace              |       |   203 |   286 |       |       |       |       |       |       ||   489
       Flail             |       |       |     5 |   204 |       |       |       |       |       ||   209
       Giant spiked club |       |       |       |       |   474 |    12 |    21 |   818 |  3896 ||  5221
       Giant club        |       |       |       |       |  1012 |  1001 |  1012 |    63 |  3960 ||  7048
       Trident           |       |       |       |       |     5 |       |       |       |       ||     5
       Unarmed           |       |       |       |       |       |     2 |       |       |       ||     2
 Fire: Blowgun           |       |     5 |    47 |       |    18 |    98 |     2 |       |       ||   170
Throw: Stone             |     5 |   146 |   184 |   243 |   413 |   425 |       |       |       ||  1416
       Large rock        |       |    18 |     8 |   228 |    60 |    95 |   220 |   428 |  1822 ||  2879
       Tomahawk          |       |       |    18 |   122 |    66 |   159 |   123 |       |       ||   488
       Throwing net      |       |       |       |     2 |       |       |       |       |       ||     2
       Javelin           |       |       |       |       |       |       |     6 |       |   278 ||   284
 Cast: Summon Butterflie |       |       |       |       |       |     5 |       |       |     2 ||     7
       Blink             |       |       |       |       |       |     2 |       |       |     1 ||     3
       Regeneration      |       |       |       |       |       |       |       |       |    80 ||    80
       Portal Projectile |       |       |       |       |       |       |       |       |    27 ||    27
       Flight            |       |       |       |       |       |       |       |       |    19 ||    19
       Spectral Weapon   |       |       |       |       |       |       |       |       |    16 ||    16
       Haste             |       |       |       |       |       |       |       |       |     5 ||     5
       Deflect Missiles  |       |       |       |       |       |       |       |       |     4 ||     4
       Repel Missiles    |       |       |       |       |       |       |       |       |     3 ||     3
       Apportation       |       |       |       |       |       |       |       |       |     1 ||     1
Invok: Finesse           |       |       |       |     1 |       |     1 |     1 |     3 |    43 ||    49
       Heroism           |       |       |       |     4 |     1 |     4 |     2 |     1 |     5 ||    17
 Abil: Evoke Flight      |       |       |       |       |       |     4 |       |     2 |       ||     6
Evoke: Wand              |       |     2 |     3 |       |       |       |     3 |     3 |    18 ||    29
       Fan of gales      |       |       |       |       |       |       |       |       |     1 ||     1
  Use: Scroll            |       |       |    18 |     4 |    18 |    11 |    10 |    11 |    58 ||   130
       Potion            |       |       |       |     1 |     1 |       |       |       |    27 ||    29
 Stab: Sleeping          |     1 |     2 |     1 |       |     1 |       |       |       |       ||     5
       Invisible         |       |       |       |       |       |       |       |       |     5 ||     5
       Distracted        |       |       |       |       |       |       |       |       |     1 ||     1
  Eat: Chunk             |     3 |     8 |    19 |    17 |    59 |    44 |    35 |    30 |    93 ||   308
       Fruit             |       |       |       |     1 |       |     2 |       |       |    16 ||    19
       Bread ration      |       |       |       |     1 |       |       |     1 |       |     8 ||    10
       Pizza             |       |       |       |       |       |     1 |       |       |     4 ||     5
       Meat ration       |       |       |       |       |       |     1 |       |     1 |    13 ||    15
       Beef jerky        |       |       |       |       |       |       |       |       |     4 ||     4
       Royal jelly       |       |       |       |       |       |       |       |       |     2 ||     2
